 Dungeon Crawl Stone Soup version 0.27.1-33-g824d729ab1 (webtiles) character file.

Game seed: 17185433508685158094

297 Atelerd the Sneak (level 6, -8/36 HPs)
             Began as an Octopode Earth Elementalist on Dec 20, 2021.
             Killed by nerve-wracking pain
             ... invoked by Menkaure
              (10 damage)
             ... on level 4 of the Dungeon.
             The game lasted 00:04:20 (4573 turns).

Atelerd the Sneak (Octopode Earth Elementalist)     Turns: 4573, Time: 00:04:21

Health: -8/36      AC:  1    Str:  8    XL:     6   Next: 35%
Magic:  9/11       EV: 13    Int: 19    God:
Gold:   50         SH:  0    Dex: 18    Spells: 7/12 levels left

rFire    . . .     SeeInvis .   a - +0 dagger
rCold    . . .     Faith    .   (no shield)
rNeg     . . .     Spirit   .   (helmet restricted)
rPois    .         Reflect  .   (no amulet)
rElec    .         Harm     .   n - +6 ring of dexterity
rCorr    .         Rampage  .   (no ring)
Will     .....                  (no ring)
Stlth    ++++......             (no ring)
HPRegen  0.12/turn              (no ring)
MPRegen  0.12/turn              (no ring)
                                (no ring)
                                (no ring)

@: no status effects
A: almost no armour, amphibious, 8 rings, camouflage 1, gelatinous body 1,
(nimble swimmer 1), tentacles
a: no special abilities


You were on level 4 of the Dungeon.
You visited 2 branches of the dungeon, and saw 5 of its levels.

You collected 138 gold pieces.
You spent 88 gold pieces at shops.

Inventory:

Hand Weapons
 a - a +0 dagger (weapon)
Missiles
 b - 36 stones
Jewellery
 n - a +6 ring of dexterity (left tentacle)
Scrolls
 d - 3 scrolls of identify {unknown}
 e - a scroll of fog {unknown}
 f - 2 scrolls of teleportation {unknown}
 g - a scroll of acquirement {unknown}
 h - a scroll of enchant armour {unknown}
 i - a scroll of magic mapping {unknown}
Potions
 c - 3 potions of curing
 j - a potion of lignification {unknown}
 k - a potion of brilliance {unknown}
 l - a potion of heal wounds
 m - a potion of degeneration {unknown}


   Skills:
 - Level 2.0 Dodging
 * Level 6.0 Stealth
 + Level 3.5 Spellcasting
 - Level 2.0 Transmutations
 + Level 4.4 Earth Magic


You had 7 spell levels left.
You knew the following spells:

 Your Spells              Type           Power      Damage    Failure   Level
a - Sandblast             Erth           40%        2d10      2%          1
p - Petrify               Tmut/Erth      15%        N/A       36%         4

Your spell library contained the following spells:

 Spells                   Type           Power      Damage    Failure   Level
 Passwall                 Tmut/Erth      12%        N/A       6%          2
 Stone Arrow              Conj/Erth      22%        3d8       19%         3
 Animate Dead             Necr           1%         N/A       82%         4
 Borgnjor's Vile Clutch   Necr/Erth      5%         N/A       86%         5
 Death Channel            Necr           1%         N/A       100%        6


Dungeon Overview and Level Annotations

Branches:
Dungeon (4/15)             Temple (1/1) D:4

Altars:
Cheibriados
Elyvilon
Gozag
Makhleb
Nemelex Xobeh
Qazlal
Ru
Trog
Vehumet
Wu Jian
Yredelemnul
Zin
The Shining One

Shops:
D:3 !

Annotations:
D:4 Menkaure


Innate Abilities, Weirdness & Mutations

You cannot wear most types of armour.
You are amphibious.
You can wear up to eight rings at the same time.
Your skin changes colour to match your surroundings (Stealth+).
Your rubbery body absorbs attacks. (AC +1, EV +1)
((You are camouflaged near water. (Stealth+)))
You have tentacles for arms and can constrict up to eight enemies at once.


Message History

The blast of sand hits the phantom!
You destroy the phantom!
Your Stealth skill increases to level 6!
You have reached level 6!
Your experience leads to an increase in your attributes!
Increase (S)trength, (I)ntelligence, or (D)exterity?
You feel clever.
Okay, then.
You feel agile.
n - a +6 ring of dexterity (left tentacle)
Your magical contamination has completely faded away.
Found a scroll labelled XOS QOREPHACOU.
Menkaure, Prince of Dust comes into view.
Menkaure is nearby!
Menkaure is nearby!
Menkaure is nearby!
Menkaure is nearby!
Menkaure is nearby!
Menkaure shouts!
You hit Menkaure. You grab Menkaure. You squeeze Menkaure.
Menkaure is lightly damaged.
You constrict Menkaure, but do no damage.
Menkaure hits you!
The blast of sand hits Menkaure but does no damage.
Menkaure is lightly damaged.
You constrict Menkaure. Menkaure hits you!!
Ouch! That really hurt!
* * * LOW HITPOINT WARNING * * *
You are too injured to fight recklessly!
Casting: Sandblast (safe; 2% risk of failure)
Confirm with . or Enter, or press ? or * to list all spells.
Aiming: Sandblast (safe; 2% risk of failure)
Press: ? - help, Shift-Dir - straight line, f/p - Menkaure
Aim: Menkaure (lightly damaged, constricted by you, 100% to hit)
The blast of sand hits Menkaure.
Menkaure is heavily damaged.
You constrict Menkaure. Menkaure casts a spell at you.
Pain shoots through your body!
You die...

##..## ##..## ####
##..## #...####
##..## ##......###
##..##
......?...#####..##
............##..##
#..............##
#.....M@......##
##...........##
#...........#
###........##
##########


You could see Menkaure.

Vanquished Creatures
  A phantom (D:4)
  An iguana (D:4)
  A howler monkey skeleton (D:4)
  8 gnolls
  2 adders
  2 worms (D:2)
  3 dart slugs (D:2)
  7 ball pythons
  8 bats
  7 endoplasms
  3 giant cockroaches
  6 goblins
  10 hobgoblins
  4 jackals (D:1)
  6 quokkas
  A frilled lizard (D:2)
  3 kobolds
  6 rats
79 creatures vanquished.

Vanquished Creatures (others)
  26 plants (D:2)
26 creatures vanquished.

Grand Total: 105 creatures vanquished

Notes
Turn   | Place    | Note
-------+----------+-------------------------------------------
     0 | D:1      | Atelerd the Octopode Earth Elementalist began the quest for
                  | the Orb.
     0 | D:1      | Reached XP level 1. HP: 11/11 MP: 3/3
   283 | D:1      | Reached XP level 2. HP: 17/17 MP: 5/5
   589 | D:1      | Found a faded altar of an unknown god.
   745 | D:1      | Reached XP level 3. HP: 19/21 MP: 4/6
  1242 | D:2      | Reached skill level 3 in Stealth
  1490 | D:2      | Reached XP level 4. HP: 26/27 MP: 5/7
  2072 | D:2      | Learned a level 4 spell: Petrify
  2382 | D:3      | Reached skill level 4 in Stealth
  2558 | D:3      | Reached XP level 5. HP: 13/31 MP: 6/9
  3006 | D:3      | Found a white marble altar of Elyvilon.
  3663 | D:3      | Found Todoa's Distillery.
  3672 | D:3      | Bought a potion of curing for 33 gold pieces
  3672 | D:3      | Bought a potion of heal wounds for 55 gold pieces
  3728 | D:4      | Found a snail-covered altar of Cheibriados.
  3920 | D:4      | Found a staircase to the Ecumenical Temple.
  3941 | D:4      | Reached skill level 5 in Stealth
  3950 | Temple   | Entered the Ecumenical Temple
  4418 | D:4      | Found an opulent altar of Gozag.
  4472 | D:4      | Noticed a phantom
  4479 | D:4      | Killed a phantom
  4480 | D:4      | Reached skill level 6 in Stealth
  4480 | D:4      | Reached XP level 6. HP: 28/36 MP: 5/11
  4565 | D:4      | Noticed Menkaure
  4573 | D:4      | Killed from afar by Menkaure

Illustrated notes

Levels and vault maps discovered:
D:1:      beargit_arrival_greenhouse, layout_rooms,
          ebering_ecumenical_altar_mist
D:2:      layout_loops_ring, chequers_serial_rivers_micro_a, serial_bayou_lake_a
D:3:      layout_loops_ring, elyvilon_altar_5, serial_rivers,
          chequers_serial_rivers_room_b, chequers_serial_rivers_micro_c,
          chequers_serial_rivers_marsh, chequers_serial_rivers_small_3,
          serial_shops, shop, hangedman_decor_diamond_cutter
D:4:      minmay_inner_zag, layout_layer_cave, mainiacjoe_overflow_brackets,
          overflow_temple_1_default, minmay_temple_entry_arrows, uniq_menkaure
Temple:   jpeg_temple_alley_garden

Skill      XL: |  1  2  3  4  5 |
---------------+----------------+-----
Stealth        | 3 4 6 |  6.0
Transmutations | 2 |  2.0
Spellcasting   | 3 |  3.5
Earth Magic    | 4 |  4.4
Dodging        | |  2.0

Action                   |  1- 3 |  4- 6 || total
-------------------------+-------+-------++-------
Melee: Unarmed           |    19 |       ||    19
       Constrict         |    15 |    24 ||    39
       Tentacles         |    13 |    14 ||    27
       Dagger            |    46 |    83 ||   129
 Cast: Sandblast         |    22 |    31 ||    53
 Stab: Sleeping          |     4 |     9 ||    13
       Distracted        |       |     1 ||     1
Armor: Skin              |    13 |     4 ||    17
Dodge: Dodged            |    64 |    60 ||   124
